 Dungeon Crawl Stone Soup version 0.16-b1 (webtiles) character file.

8971 dysrexia the Envoy of Void (level 11, -4/80 HPs)
             Began as an Octopode Abyssal Knight on Mar 15, 2015.
             Was a High Priest of Lugonu.
             Slain by an unseen horror (8 damage)
             ... on level 10 of the Dungeon.
             The game lasted 01:17:48 (19804 turns).

dysrexia the Envoy of Void (OpAK)                  Turns: 19804, Time: 01:17:48

Health: -4/80      AC:  1    Str: 11    XL:     11   Next: 39%
Magic:  25/25      EV: 17    Int: 16    God:    Lugonu [*****.]
Gold:   277        SH:  0    Dex: 14    Spells: 0 memorised, 10 levels left

rFire  . . .     SeeInvis .     G - +1 great sword
rCold  . . .     Clarity  .     (no shield)
rNeg   . . .     SustAb   .     (helmet restricted)
rPois  .         Gourm    .     (no amulet)
rElec  .         Spirit   .     q - ring of wizardry
rCorr  .         Warding  .     (no ring)
rMut   .         Stasis   .     (no ring)
MR     .....                    (no ring)
Stlth  ++++......               (no ring)
                                (no ring)
                                (no ring)
                                (no ring)

@: very slightly contaminated, invisible, not resistant to hostile enchantments,
stealthy
A: almost no armour, amphibious, 8 rings, constrict 8, camouflage 1, gelatinous
body 1
a: Depart the Abyss, Bend Space, Banish, Corrupt, Enter the Abyss, Renounce
Religion


You were on level 10 of the Dungeon.
You worshipped Lugonu.
Lugonu was extremely pleased with you.
You were not hungry.

You visited 1 branch of the dungeon, and saw 10 of its levels.
You visited the Abyss 1 time.

You collected 537 gold pieces.
You spent 260 gold pieces at shops.

Inventory:

Hand weapons
 a - a +2 falchion
 m - a +0 blowgun
 y - a +0 falchion of flaming
 G - a +1 great sword (weapon)
Missiles
 j - 179 stones (quivered)
 k - 2 throwing nets
 l - 22 poisoned needles
Jewellery
 q - a ring of wizardry (left tentacle)
Magical devices
 d - a wand of frost (18)
 p - a wand of digging (8)
 r - a wand of disintegration (3)
 u - a wand of heal wounds (3)
 F - a wand of digging (11)
Scrolls
 e - 3 scrolls of amnesia
 f - 4 scrolls of remove curse
 o - a scroll of fear
Potions
 b - 2 potions of restore abilities
 h - 3 potions of curing
 i - 2 potions of ambrosia
 n - a potion of resistance
 t - a potion of might
 v - a potion of agility
 w - a potion of mutation
 A - 2 potions of haste
 B - a potion of poison {unknown}
 C - a potion of magic {unknown}
Books
 s - a book of the Dragon

   Spells                             Type                      Level
   a - Flight                         Charms/Air                   3
   b - Cause Fear                     Hexes                        4
   c - Bolt of Fire                   Conjuration/Fire             6
   d - Dragon Form                    Transmutation                7
   e - Dragon's Call                  Summoning                    9
 H - a book of Frost

   Spells                             Type                      Level
   a - Freeze                         Ice                          1
   b - Throw Frost                    Conjuration/Ice              2
   c - Ozocubu's Armour               Charms/Ice                   3
   d - Throw Icicle                   Conjuration/Ice              4
   e - Summon Ice Beast               Ice/Summoning                4
   f - Condensation Shield            Ice                          4
Comestibles
 c - 9 bread rations
 g - 6 meat rations
 z - 11 royal jellies
 D - 12 fruits
 E - 6 slices of pizza
 I - 2 chunks of flesh


   Skills:
 - Level 9.0 Fighting
 - Level 8.3 Long Blades
 - Level 9.0 Dodging
 - Level 5.0 Stealth
 + Level 10.2 Invocations


You had 10 spell levels left.
You didn't know any spells.

Dungeon Overview and Level Annotations

Branches:
Dungeon (10/15)            Temple (0/1) D:6
   Lair: D:8-11         Orc: D:9-12

Altars:
Dithmenos
Kikubaaqudgha
Nemelex Xobeh
Qazlal
Ru
Xom
Zin

Shops:
D:5 !   D:6 }

Annotations:
D:8 exclusion: killer bee, Prince Ribbit
Abyss:1 Duvessa, Grinder, Menkaure


Innate Abilities, Weirdness & Mutations

You cannot wear most types of armour.
You are amphibious.
You can wear up to eight rings at the same time.
You can use your tentacles to constrict many enemies at once.
Your skin changes colour to match your surroundings (Stealth).
Your rubbery body absorbs attacks (AC +1).


Message History

Read which item? (? for menu, Esc to quit)
Okay, then.
Drink which item? (? for menu, Esc to quit)
You fade into invisibility!
Something hits you.
* * * LOW HITPOINT WARNING * * *
You are very lightly contaminated with residual magic.
Something barely misses you. Something completely misses you.
Something hits you!
* * * LOW HITPOINT WARNING * * *
Drink which item? (? for menu, Esc to quit)
Okay, then.
Drink which item? (? for menu, Esc to quit)
Okay, then.
Read which item? (? for menu, Esc to quit)
Blink to where?
Press: ? - help, Dir - move target cursor
As you read the scroll of blinking, it crumbles to dust.
Something hits you!
You die...

# #.÷# #.###.#.#.# #
#.)####..##.#.#? #
#..............> #
#..####..####.## #
#..####..####.# #
#...§.........# #
##)####..####.# # #.#
#.....#.####....
#####.####.###..@.....#
...........#####.####...#
###.[............>.
#...........#####
###..########## ...).#
###.## #.# #.#


There were no monsters in sight!

Vanquished Creatures
  A hydra (D:10)
  A queen bee (D:9)
  2 yaks (D:10)
  A hippogriff (D:7)
  A hungry ghost (D:7)
  6 orc warriors
  2 sky beasts
  5 ogres
  A black bear (D:8)
  2 phantoms (D:8)
  4 centaurs
  3 big kobolds (D:10)
  6 giant frogs
  3 scorpions
  24 killer bees (D:9)
  9 wights
  5 crimson imps
  2 goliath beetles
  Dowan (D:8)
  3 centaur zombies
  4 jellies
  A giant frog zombie (D:9)
  2 gnoll shamans
  3 hounds
  2 centaur skeletons
  11 orc priests
  4 iguanas
  7 orc wizards
  Natasha (twice) (D:3)
  14 worker ants
  2 sheep (D:10)
  Robin (D:2)
  2 worker ant zombies
  12 adders
  54 gnolls
  4 shadow imps
  3 worms
  An adder zombie (D:4)
  An adder skeleton (D:9)
  6 giant geckos
  66 orcs
  A ball python (D:4)
  19 bats
  4 bat skeletons
  3 giant cockroaches
  25 goblins
  18 hobgoblins
  22 jackals
  7 giant newts
  2 giant spores
  2 jackal skeletons (D:5)
  18 kobolds
  6 quokkas
  A quokka zombie (D:7)
  23 rats
  A ballistomycete (D:7)
436 creatures vanquished.

Vanquished Creatures (others)
  An ugly thing (D:9)
  A troll (D:9)
  An orc warrior (D:9)
  A phantom (D:7)
  A sky beast (D:5)
  2 centaurs
  A jelly (D:7)
  An orc (D:3)
  A giant spore (D:7)
  A fungus (D:10)
11 creatures vanquished.

Grand Total: 447 creatures vanquished

Notes
Turn   | Place    | Note
--------------------------------------------------------------
     0 | Abyss:1  | dysrexia, the Octopode Abyssal Knight, began the quest for the Orb.
     0 | Abyss:1  | Reached XP level 1. HP: 16/16 MP: 1/1
     9 | D:1      | Escaped the Abyss
   389 | D:1      | Reached XP level 2. HP: 18/21 MP: 2/2
   668 | D:1      | Reached XP level 3. HP: 24/26 MP: 3/3
  1076 | D:2      | Acquired Lugonu's second power
  1273 | D:2      | Reached skill level 4 in Long Blades
  1463 | D:2      | Reached XP level 4. HP: 31/31 MP: 5/5
  1590 | D:2      | Noticed Robin
  1610 | D:2      | Killed Robin
  1845 | D:2      | Found an ancient bone altar of Kikubaaqudgha.
  1854 | D:2      | Found a glowing silver altar of Zin.
  1855 | D:2      | Found a sparkling altar of Nemelex Xobeh.
  1855 | D:2      | Found a sacrificial altar of Ru.
  1946 | D:3      | Reached skill level 5 in Long Blades
  1946 | D:3      | Reached XP level 5. HP: 36/36 MP: 6/6
  2066 | D:3      | Acquired Lugonu's third power
  2077 | D:3      | Reached skill level 1 in Stealth
  2323 | D:3      | Noticed an ogre
  3060 | D:3      | Reached XP level 6. HP: 31/43 MP: 7/7
  4212 | D:3      | Reached skill level 5 in Fighting
  4571 | D:3      | Reached XP level 7. HP: 50/50 MP: 9/9
  5550 | D:3      | Acquired Lugonu's fourth power
  5586 | D:3      | Reached skill level 5 in Stealth
  5791 | D:3      | Reached skill level 6 in Fighting
  6198 | D:3      | Noticed Natasha
  6292 | D:3      | Killed an ogre
  6376 | D:3      | Killed Natasha
  6376 | D:3      | Reached XP level 8. HP: 28/57 MP: 14/14
  6546 | D:3      | Noticed an ogre
  6971 | D:3      | Reached skill level 5 in Invocations
  7172 | D:3      | Noticed Natasha
  7179 | D:3      | Killed Natasha
  7415 | D:3      | Killed an ogre
  7734 | D:4      | Acquired Lugonu's fifth power
  8435 | D:4      | Reached skill level 7 in Invocations
  9260 | D:5      | Entered Level 5 of the Dungeon
  9863 | D:5      | Noticed Grinder
  9905 | D:5      | Reached skill level 8 in Invocations
 10072 | D:5      | Reached XP level 9. HP: 32/62 MP: 18/20
 10654 | D:5      | Banished Grinder
 10908 | D:5      | Found Twoapi Nyta's Distillery.
 10949 | D:5      | Bought a potion of agility for 40 gold pieces
 10949 | D:5      | Bought a potion of heal wounds for 50 gold pieces
 10949 | D:5      | Bought 2 potions of curing for 60 gold pieces
 10949 | D:5      | Bought a potion of curing for 30 gold pieces
 10949 | D:5      | Bought a potion of invisibility for 80 gold pieces
 11079 | D:6      | Noticed Menkaure
 11080 | D:6      | Banished Menkaure
 11100 | D:6      | Found a staircase to the Ecumenical Temple.
 11216 | D:6      | Reached skill level 9 in Invocations
 11625 | D:6      | Found Ruthrerink's Gadget Emporium.
 12042 | D:7      | Reached skill level 5 in Dodging
 13362 | D:7      | Reached XP level 10. HP: 37/68 MP: 22/22
 14433 | D:7      | Found a stormy altar of Qazlal.
 14434 | D:7      | Found a shimmering altar of Xom.
 15091 | D:8      | Noticed Prince Ribbit
 15105 | D:8      | Noticed Dowan
 15106 | D:8      | Noticed Duvessa
 15120 | D:8      | Killed Dowan
 15121 | D:8      | Banished Duvessa
 15450 | D:8      | Found a shadowy altar of Dithmenos.
 17739 | D:9      | Reached XP level 11. HP: 31/78 MP: 24/24
 17810 | D:9      | Noticed a hill giant
 18887 | D:10     | Entered Level 10 of the Dungeon
 19573 | D:10     | Noticed a three-headed hydra
 19600 | D:10     | Killed a one-headed hydra
 19600 | D:10     | Reached skill level 10 in Invocations
 19800 | D:10     | HP: 3/80 [something (10)]
 19804 | D:10     | Slain by an unseen horror

Action                   |  1- 3 |  4- 6 |  7- 9 | 10-12 || total
-------------------------+-------+-------+-------+-------++-------
Melee: Falchion          |    58 |   182 |   501 |   236 ||   977
       Great sword       |       |       |       |   156 ||   156
 Fire: Blowgun           |       |     8 |    57 |   115 ||   180
Throw: Stone             |    32 |    20 |    84 |    34 ||   170
Invok: Banish            |       |       |     6 |     7 ||    13
  Use: Scroll            |       |     9 |     4 |     9 ||    22
       Potion            |       |       |     4 |     8 ||    12
 Stab: Sleeping          |     1 |     1 |    19 |     9 ||    30
       Distracted        |       |     1 |     3 |    10 ||    14
  Eat: Chunk             |     1 |     9 |    21 |    11 ||    42
       Pizza             |       |     1 |     1 |       ||     2
       Meat ration       |       |       |     1 |       ||     1
       Fruit             |       |       |     5 |     3 ||     8
       Bread ration      |       |       |       |     2 ||     2
